Map: Dusk Towers

Players

ILLBdA

  • Race: Zerg Zerg
  • League: Diamond

MonkeybosS - Winner!

  • Race: Zerg Zerg
  • League: Diamond

VOD

Have the link to the VOD?

Description

Time

  • Played on: Dec. 17, 2015, 10:36 a.m.
  • Length: 5:26
Show
View Real Time Build Order
Export as new Build Order

ILLBdA Zerg 

Build Orders: Hatch First 

Get SALT Encoding   

  12  0:02  Drone  
  13  0:10  Drone  
  13  0:13  Extractor  
  13  0:15  Drone  
  15  0:24  Overlord  
  15  0:42  Drone  
  16  0:43  Drone  
  17  0:54  Hatchery  
  16  1:06  Spawning Pool  
  16  1:09  Drone  
  16  1:13  Extractor  
  16  1:16  Drone  
  16  1:19  Drone  
  16  1:24  Drone  
  18  1:31  Drone  
  19  1:42  Overlord  
  19  1:55  Drone, Roach Warren  
  19  1:58  Queen  
  21  2:03  Drone  
  21  2:05  Extractor  
  21  2:12  Drone  
  22  2:20  Drone x2  
  24  2:25  Drone  
  25  2:36  Drone x2  
  27  2:42  Spore Crawler  
  27  2:44  Drone  
  27  2:48  Drone  
  28  2:55  Drone  
  28  2:56  Queen  
  32  3:06  Roach  
  32  3:07  Roach  
  36  3:18  Overlord  
  36  3:31  Overlord  
  36  3:37  Roach x4  
  36  3:40  Overlord  
  44  3:55  Ravager x2  
  46  3:57  Roach x3  
  46  4:00  Ravager  
  46  4:02  Ravager  
  54  4:13  Roach x2  
  58  4:24  Spine Crawler  
  57  4:26  Roach  
  59  4:32  Spine Crawler  
  59  4:36  Spine Crawler  
  57  4:40  Roach  
  57  4:44  Roach  
  51  5:02  Roach x2  
  51  5:03  Roach x2  
Show
View Real Time Build Order
Export as new Build Order

MonkeybosS Zerg - Winner!

Build Orders: Hatch First 

Get SALT Encoding   

  12  0:01  Drone  
  13  0:13  Overlord  
  13  0:20  Drone  
  14  0:32  Drone  
  14  0:33  Drone  
  16  0:37  Drone  
  17  0:53  Hatchery  
  16  0:57  Drone  
  17  1:04  Extractor  
  16  1:12  Spawning Pool  
  16  1:17  Drone  
  16  1:20  Drone  
  16  1:22  Drone  
  18  1:30  Drone  
  19  1:39  Overlord  
  19  1:50  Drone  
  20  1:58  Queen  
  22  2:01  Zergling x2  
  22  2:06  Queen  
  22  2:08  Zergling x2  
  26  2:12  Metabolic Boost  
  26  2:14  Drone  
  27  2:17  Drone  
  28  2:25  Drone  
  29  2:32  Drone  
  29  2:35  Overlord  
  30  2:43  Drone  
  31  2:45  Zergling x2  
  32  2:51  Zergling x2  
  32  2:52  Baneling Nest  
  32  3:01  Drone x2  
  34  3:08  Drone  
  34  3:10  Roach Warren  
  34  3:11  Drone  
  34  3:12  Drone x2  
  38  3:19  Drone x2  
  40  3:20  Overlord  
  40  3:22  Drone x2  
  40  3:26  Extractor  
  39  3:29  Drone  
  39  3:30  Extractor  
  39  3:37  Zergling x2  
  39  3:38  Zergling x2  
  39  3:41  Zergling x6  
  43  3:46  Overlord  
  44  3:52  Zergling x6  
  44  3:53  Drone  
  48  4:00  Drone  
  49  4:04  Drone  
  49  4:08  Drone  
  51  4:13  Hatchery, Drone  
  51  4:15  Overlord  
  52  4:17  Drone x2  
  52  4:24  Roach x2  
  52  4:27  Roach  
  58  4:38  Roach  
  58  4:39  Roach x3  
  58  4:42  Roach  
  58  4:45  Overlord  
  64  4:48  Roach x2  
  65  5:02  Roach  
  65  5:03  Roach  
Tags
 
Matchup
ZvZ
Race
Zerg
Replay Pack
me
Add a new tag
Caveats
  • Supply blocks, unpowered buildings, or Contaminate may cause inaccurate times.
  • Supply counts are checked every 10 seconds.